 Dungeon Crawl Stone Soup version 0.27-a0-1325-g58a489ad9e (webtiles) character file.

Game seed: 151244301352061174

97 dolemite99 the Chiller (level 4, 0/32 HPs)
             Began as a Gnoll Ice Elementalist on June 25, 2021.
             Was a Follower of Yredelemnul.
             Killed by nerve-wracking pain
             ... invoked by Grinder
              (8 damage)
             ... on level 3 of the Dungeon.
             The game lasted 00:04:30 (3650 turns).

dolemite99 the Chiller (Gnoll Ice Elementalist)     Turns: 3650, Time: 00:04:31

Health: 0/32       AC:  2    Str:  7    XL:     4   Next: 68%
Magic:  2/11       EV: 13    Int: 15    God:    Yredelemnul [*.....]
Gold:   91         SH:  0    Dex: 13    Spells: 6/13 levels left

rFire    . . .     SeeInvis .   a - +4 hand axe
rCold    . . .     Faith    .   (no shield)
rNeg     . . .     Spirit   .   q - +0 robe
rPois    .         Reflect  .   v - +0 helmet
rElec    .         Harm     .   (no cloak)
rCorr    .         Rampage  .   (no gloves)
Will     .....                  (no boots)
Stlth    +++.......             (no amulet)
HPRegen  0.10/turn              (no ring)
MPRegen  0.12/turn              (no ring)

@: no status effects
A: fangs 1, strong nose, distributed training, deformed body, mutation
resistance 1, MP-powered wands
a: Renounce Religion, Animate Remains


You were on level 3 of the Dungeon.
You worshipped Yredelemnul.
Yredelemnul was aware of your devotion.
You visited 1 branch of the dungeon, and saw 3 of its levels.

You collected 91 gold pieces.

Inventory:

Hand Weapons
 a - a +4 hand axe (weapon)
 f - a +0 dagger
 g - a +0 dagger
 h - a +0 hand axe
 p - a +0 rapier
 s - a +2 vorpal war axe
 u - a +0 hunting sling
 w - a +0 falchion
Missiles
 b - 69 stones
 r - 13 bolts
 t - 5 boomerangs (quivered)
Armour
 q - a +0 robe (worn)
 v - a +0 helmet (worn)
Jewellery
 k - an amulet of the acrobat
 o - a +4 ring of protection
Scrolls
 c - a scroll of fear {unknown}
 e - 3 scrolls of identify {unknown}
 i - a scroll of noise {unknown}
 l - 2 scrolls of teleportation {unknown}
 m - a scroll of magic mapping {unknown}
 n - a scroll of summoning {unknown}
Potions
 d - a potion of mutation


   Skills:
 + Level 1.2 Fighting
 + Level 1.2 Short Blades
 + Level 1.2 Long Blades
 + Level 1.2 Axes
 + Level 1.2 Maces & Flails
 + Level 1.2 Polearms
 + Level 1.2 Staves
 + Level 1.2 Slings
 + Level 1.2 Bows
 + Level 1.2 Crossbows
 + Level 1.2 Throwing
 + Level 1.2 Armour
 + Level 4.7 Dodging
 + Level 4.3 Stealth
 + Level 1.2 Shields
 + Level 1.2 Unarmed Combat
 + Level 5.1 Spellcasting
 + Level 1.0 Conjurations
 + Level 1.0 Hexes
 + Level 1.0 Summonings
 + Level 1.0 Necromancy
 + Level 1.0 Translocations
 + Level 1.0 Transmutations
 + Level 1.0 Fire Magic
 + Level 7.1 Ice Magic
 + Level 1.0 Air Magic
 + Level 1.0 Earth Magic
 + Level 1.0 Poison Magic
 + Level 1.3 Invocations
 + Level 1.2 Evocations


You had 6 spell levels left.
You knew the following spells:

 Your Spells              Type           Power      Damage    Failure   Level
a - Freeze                Ice            100%       1d11      1%          1
b - Frozen Ramparts       Ice            50%        1d7       2%          3
c - Ozocubu's Armour      Ice            25%        N/A       2%          3

Your spell library contained the following spells:

 Spells                   Type           Power      Damage    Failure   Level
 Hailstorm                Conj/Ice       16%        3d6       30%         4
 Metabolic Englaciation   Hex/Ice        8%         N/A       63%         5


Dungeon Overview and Level Annotations

Branches:
Dungeon (3/15)

Altars:
Yredelemnul

Annotations:
D:3 Grinder


Innate Abilities, Weirdness & Mutations

You have very sharp teeth.
Your uncanny sense of smell can sniff out nearby items.
Your experience applies equally to all skills.
Armour fits poorly on your strangely shaped body.
You are somewhat resistant to further mutation.
You expend magic power (3 MP) to strengthen your wands.


Message History

You feel your magical essence link to the dungeon's wands.
You feel genetically stable.
Grinder completely resists.
The wall freezes Grinder but does no damage.
Grinder barely misses you.
It was a potion of curing.
You feel better.
Grinder completely resists.
The wall freezes Grinder but does no damage.
Grinder hits you but does no damage.
Casting: Freeze (safe; 1% risk of failure)
Confirm with . or Enter, or press ? or * to list all spells.
Aiming: Freeze (safe; 1% risk of failure)
Press: ? - help, Shift-Dir - straight line, f/p - Grinder
Aim: Grinder (moderately wounded)
You freeze Grinder but do no damage.
Grinder completely resists. x2
The wall freezes Grinder but does no damage.
Grinder hits you.
You writhe in agony.
You hit Grinder.
Grinder is moderately wounded.
Grinder completely resists.
The wall freezes Grinder but does no damage.
Grinder gestures at you.
You suddenly lose the ability to move!
Grinder resists.
The wall freezes Grinder.
Grinder hits you but does no damage.
The frozen ramparts melt away.
Grinder hits you but does no damage. Grinder hits you but does no damage.
Grinder hits you.
You writhe in agony.
* * * LOW HITPOINT WARNING * * *
You can move again.
Unknown command.
You hit Grinder. Your bite misses Grinder.
Grinder is heavily wounded.
Grinder gestures at you.
You shrug off the repeated paralysis!
Grinder blinks!
Your icy armour cracks and falls away as you move.
Grinder blinks!
Grinder says, "Mostly I couldn't keep them alive."
Grinder gestures at you. Pain shoots through your body!
You die...
Your body rises from the dead as a mindless zombie.

#.............######
#.............#
#.............#
#.............#
#.............#
#...#####.....####
#...# #.....>...#
#...# #.....###.#
##### #.....@...#
######.#######
#.#..5..# #5##.##.#
#.##.# # #.##.# ∆ ∆
#....# ######


You could see Grinder.

Vanquished Creatures
  Robin (D:3)
  An adder (D:2)
  A worm (D:3)
  A dart slug (D:2)
  4 orcs (D:3)
  3 ball pythons
  9 endoplasms
  2 giant cockroaches
  8 goblins
  7 hobgoblins
  6 jackals (D:1)
  2 quokkas
  2 bats
  3 frilled lizards
  6 kobolds
  2 rats (D:1)
58 creatures vanquished.

Notes
Turn   | Place    | Note
-------+----------+-------------------------------------------
     0 | D:1      | dolemite99 the Gnoll Ice Elementalist began the quest for
                  | the Orb.
     0 | D:1      | Reached XP level 1. HP: 13/13 MP: 6/6
   297 | D:1      | Reached XP level 2. HP: 19/19 MP: 5/7
  1230 | D:1      | Reached XP level 3. HP: 19/25 MP: 6/9
  1334 | D:1      | Reached skill level 5 in Spellcasting
  1616 | D:2      | Found a faded altar of an unknown god.
  1628 | D:2      | Became a worshipper of Yredelemnul the Dark
  1628 | D:2      | Reached * piety under Yredelemnul
  1704 | D:2      | Learned a level 3 spell: Frozen Ramparts
  1882 | D:2      | Learned a level 3 spell: Ozocubu's Armour
  1929 | D:2      | Reached skill level 1 in Invocations
  2202 | D:2      | Reached skill level 1 in Fighting
  2202 | D:2      | Reached skill level 1 in Short Blades
  2202 | D:2      | Reached skill level 1 in Long Blades
  2202 | D:2      | Reached skill level 1 in Axes
  2202 | D:2      | Reached skill level 1 in Maces & Flails
  2202 | D:2      | Reached skill level 1 in Polearms
  2202 | D:2      | Reached skill level 1 in Staves
  2202 | D:2      | Reached skill level 1 in Slings
  2202 | D:2      | Reached skill level 1 in Bows
  2202 | D:2      | Reached skill level 1 in Crossbows
  2202 | D:2      | Reached skill level 1 in Throwing
  2202 | D:2      | Reached skill level 1 in Armour
  2202 | D:2      | Reached skill level 1 in Shields
  2202 | D:2      | Reached skill level 1 in Unarmed Combat
  2202 | D:2      | Reached skill level 1 in Evocations
  2878 | D:2      | Reached XP level 4. HP: 23/32 MP: 8/11
  3452 | D:3      | Noticed Robin
  3463 | D:3      | Killed Robin
  3464 | D:3      | Reached skill level 1 in Conjurations
  3464 | D:3      | Reached skill level 1 in Hexes
  3464 | D:3      | Reached skill level 1 in Summonings
  3464 | D:3      | Reached skill level 1 in Necromancy
  3464 | D:3      | Reached skill level 1 in Translocations
  3464 | D:3      | Reached skill level 1 in Transmutations
  3464 | D:3      | Reached skill level 1 in Fire Magic
  3464 | D:3      | Reached skill level 1 in Air Magic
  3464 | D:3      | Reached skill level 1 in Earth Magic
  3464 | D:3      | Reached skill level 1 in Poison Magic
  3621 | D:3      | Noticed Grinder
  3631 | D:3      | Gained mutation: Armour fits poorly on your strangely
                  | shaped body. [potion of mutation]
  3631 | D:3      | Gained mutation: You expend magic power (3 MP) to
                  | strengthen your wands. [potion of mutation]
  3631 | D:3      | Gained mutation: You are somewhat resistant to further
                  | mutation. [potion of mutation]
  3634 | D:3      | Paralysed by Grinder for 5 turns
  3650 | D:3      | Killed from afar by Grinder

Illustrated notes

Levels and vault maps discovered:
D:1:      lemuel_arrival_hallway, layout_basic
D:2:      layout_loops_ring, chequers_ecumenical_altar_twisty
D:3:      layout_basic, item_on_display_a, uniq_grinder, uniq_robin,
          uniq_terence

Skill      XL: |  1  2  3  4 |
---------------+-------------+-----
Spellcasting   | 5 |  5.1
Invocations    | 1 |  1.3
Fighting       | 1 |  1.2
Short Blades   | 1 |  1.2
Long Blades    | 1 |  1.2
Axes           | 1 |  1.2
Maces & Flails | 1 |  1.2
Polearms       | 1 |  1.2
Staves         | 1 |  1.2
Slings         | 1 |  1.2
Bows           | 1 |  1.2
Crossbows      | 1 |  1.2
Throwing       | 1 |  1.2
Armour         | 1 |  1.2
Shields        | 1 |  1.2
Unarmed Combat | 1 |  1.2
Evocations     | 1 |  1.2
Conjurations   | 1 |  1.0
Hexes          | 1 |  1.0
Summonings     | 1 |  1.0
Necromancy     | 1 |  1.0
Translocations | 1 |  1.0
Transmutations | 1 |  1.0
Fire Magic     | 1 |  1.0
Air Magic      | 1 |  1.0
Earth Magic    | 1 |  1.0
Poison Magic   | 1 |  1.0
Dodging        | |  4.7
Stealth        | |  4.3
Ice Magic      | |  7.1

Action                   |  1- 3 |  4- 6 || total
-------------------------+-------+-------++-------
Melee: Unarmed           |     3 |       ||     3
       Bite              |     2 |     1 ||     3
       Hand axe          |    14 |     9 ||    23
       Dagger            |     1 |       ||     1
Throw: Boomerang         |       |     1 ||     1
 Cast: Freeze            |    56 |    25 ||    81
       Frozen Ramparts   |       |     4 ||     4
       Ozocubu's Armour  |       |     2 ||     2
  Use: Potion            |       |     2 ||     2
Armor: Robe              |    11 |     8 ||    19
Dodge: Dodged            |    52 |    25 ||    77

Table legend: (Time is in decaauts)
 A = Elapsed time spent in this place.
 B = Non-inter-level travel time spent in this place.
 C = Inter-level travel time spent in this place.
 D = Time resting spent in this place.
 E = Time spent auto-exploring this place.
 F = Levels seen in this place.
 G = Mean time per level.
                   A        B        C        D        E       F      G
               +--------+--------+--------+--------+--------+-----+--------+
         Total |   3654 |   3565 |     89 |   1281 |   1726 |   3 | 1218.0 |
       Dungeon |   3654 |   3565 |     89 |   1281 |   1726 |   3 | 1218.0 |
               +--------+--------+--------+--------+--------+-----+--------+

Top non-repeatable levels by time:
     D:2: 1603 daAuts
     D:1: 1547 daAuts
     D:3: 503 daAuts
